Map: 2000 Atmospheres LE

Players

Lisin - Winner!

  • Race: Terran Terran
  • League: Bronze

Leonard

  • Race: Protoss Protoss
  • League: Gold

VOD

Have the link to the VOD?

Description

Time

  • Played on: April 7, 2021, 5:22 p.m.
  • Length: 5:10
Show
View Real Time Build Order
Export as new Build Order

Lisin Terran - Winner!

Build Orders:  

Get SALT Encoding   

  12  0:00  SCV  
  13  0:13  SCV  
  14  0:17  Supply Depot  
  14  0:25  SCV  
  15  0:31  Refinery  
  15  0:36  Refinery  
  15  0:39  SCV  
  16  0:51  SCV  
  17  0:59  Barracks  
  17  1:03  SCV  
  18  1:15  Barracks  
  18  1:17  SCV  
  19  1:29  SCV  
  20  1:45  Barracks Tech Lab  
  20  1:48  Barracks  
  20  1:52  Orbital Command  
  20  2:02  Barracks Reactor  
  20  2:06  Marine  
  21  2:19  Combat Shield  
  21  2:24  Marine  
  22  2:38  Barracks Reactor  
  22  2:40  Marine  
  23  2:47  Supply Depot  
  23  3:09  Supply Depot, Marine x3  
  26  3:17  Marine x2  
  28  3:27  Marine x3  
  28  3:33  Supply Depot  
  31  3:34  Marine  
  31  3:35  Marine  
  33  3:44  Marine x3  
  36  3:52  Marine x2  
  38  3:56  Supply Depot  
  38  4:02  Marine x3  
  41  4:10  Marine x2  
  43  4:20  Supply Depot, Marine x3  
  46  4:28  Marine x2  
  48  4:38  Marine x3  
  51  4:46  Marine x2  
Show
View Real Time Build Order
Export as new Build Order

Leonard Protoss 

Build Orders: Double Forge 

Get SALT Encoding   

  12  0:02  Probe (Chrono Boost)  
  14  0:14  Probe (Chrono Boost)  
  14  0:19  Probe (Chrono Boost)  
  15  0:21  Pylon  
  15  0:39  Probe  
  16  0:43  Gateway  
  16  0:55  Pylon  
  16  0:58  Probe  
  17  1:10  Probe  
  18  1:23  Pylon  
  18  1:30  Gateway  
  18  1:32  Cybernetics Core  
  18  1:36  Assimilator  
  18  1:45  Probe  
  19  1:57  Probe (Chrono Boost)  
  19  1:58  Nexus  
  20  2:09  Probe (Chrono Boost)  
  20  2:11  Assimilator  
  21  2:17  Warp Gate (Chrono Boost)  
  21  2:18  Forge  
  21  2:49  Gateway  
  21  2:52  Pylon  
  21  2:53  Protoss Ground Weapons Level 1  
  21  3:13  Gateway  
  21  3:21  Twilight Council  
  25  3:40  Probe  
  26  3:41  Probe  
  27  3:53  Probe, Zealot  
  26  3:56  Probe  
  26  4:01  Zealot x2  
  31  4:05  Probe  
  31  4:08  Probe  
  33  4:17  Probe  
  33  4:20  Probe  
  35  4:24  Gateway  
  35  4:28  Forge  
  35  4:30  Probe  
  36  4:32  Probe, Shield Battery  
  37  4:40  Zealot x2  
  37  4:46  Zealot  
  35  4:56  Zealot x2  
  35  5:01  Zealot  
  35  5:02  Zealot  
Tags
 
Add a new tag
Caveats
  • Supply blocks, unpowered buildings, or Contaminate may cause inaccurate times.
  • Supply counts are checked every 10 seconds.